[gd_scene load_steps=21 format=2]

[ext_resource path="res://classes/text_plane/text_plane.tscn" type="PackedScene" id=1]
[ext_resource path="res://entities/evaluation_machine/evaluation_machine.gd" type="Script" id=2]
[ext_resource path="res://entities/useables/answer_screen.tscn" type="PackedScene" id=3]
[ext_resource path="res://assets/fonts/concert_one.ttf" type="DynamicFontData" id=4]
[ext_resource path="res://assets/models/locations/office/evaluation_machine.gltf" type="PackedScene" id=5]

[sub_resource type="ViewportTexture" id=1]
flags = 5
viewport_path = NodePath("Question/Viewport")

[sub_resource type="SpatialMaterial" id=2]
resource_local_to_scene = true
flags_unshaded = true
albedo_texture = SubResource( 1 )

[sub_resource type="ViewportTexture" id=3]
flags = 5
viewport_path = NodePath("Answers/AnswerScreenA/TextPlane/Viewport")

[sub_resource type="SpatialMaterial" id=4]
resource_local_to_scene = true
flags_unshaded = true
albedo_texture = SubResource( 3 )

[sub_resource type="DynamicFont" id=13]
size = 48
use_mipmaps = true
use_filter = true
extra_spacing_bottom = 32
font_data = ExtResource( 4 )

[sub_resource type="ViewportTexture" id=5]
flags = 5
viewport_path = NodePath("Answers/AnswerScreenB/TextPlane/Viewport")

[sub_resource type="SpatialMaterial" id=6]
resource_local_to_scene = true
flags_unshaded = true
albedo_texture = SubResource( 5 )

[sub_resource type="DynamicFont" id=14]
size = 48
use_mipmaps = true
use_filter = true
extra_spacing_bottom = 32
font_data = ExtResource( 4 )

[sub_resource type="ViewportTexture" id=10]
flags = 5
viewport_path = NodePath("Answers/AnswerScreenC/TextPlane/Viewport")

[sub_resource type="SpatialMaterial" id=11]
resource_local_to_scene = true
flags_unshaded = true
albedo_texture = SubResource( 10 )

[sub_resource type="PlaneMesh" id=12]
size = Vector2( 1.6, 0.2 )

[sub_resource type="DynamicFont" id=15]
size = 48
use_mipmaps = true
use_filter = true
extra_spacing_bottom = 32
font_data = ExtResource( 4 )

[sub_resource type="ViewportTexture" id=7]
flags = 5
viewport_path = NodePath("Answers/AnswerScreenD/TextPlane/Viewport")

[sub_resource type="SpatialMaterial" id=9]
resource_local_to_scene = true
flags_unshaded = true
albedo_texture = SubResource( 7 )

[sub_resource type="DynamicFont" id=16]
size = 48
use_mipmaps = true
use_filter = true
extra_spacing_bottom = 32
font_data = ExtResource( 4 )

[node name="EvaluationMachine" type="StaticBody"]
script = ExtResource( 2 )

[node name="evaluation_machine" parent="." instance=ExtResource( 5 )]
transform = Transform( -1.62921e-07, 0, -1, 0, 1, 0, 1, 0, -1.62921e-07, 0, 0, 0 )

[node name="Tween" type="Tween" parent="."]

[node name="Question" parent="." instance=ExtResource( 1 )]
transform = Transform( 1, 0, 0, 0, 0.258819, -0.965926, 0, 0.965926, 0.258819, 0, 1.4493, -0.255285 )
material_override = SubResource( 2 )

[node name="Answers" type="Spatial" parent="."]
transform = Transform( 1, 0, 0, 0, 0.970296, -0.241922, 0, 0.241922, 0.970296, 0, 0.832, 0.117 )

[node name="AnswerScreenA" parent="Answers" instance=ExtResource( 3 )]
title = "Select option A"
letter = "A"

[node name="TextPlane" parent="Answers/AnswerScreenA" index="0"]
material_override = SubResource( 4 )

[node name="Label" parent="Answers/AnswerScreenA/TextPlane/Viewport" index="1"]
custom_fonts/font = SubResource( 13 )

[node name="AnswerScreenB" parent="Answers" instance=ExtResource( 3 )]
transform = Transform( 1, 0, 0, 0, 1, 0, 0, 0, 1, 0, 0, 0.21 )
title = "Select option B"
letter = "B"

[node name="TextPlane" parent="Answers/AnswerScreenB" index="0"]
material_override = SubResource( 6 )

[node name="Label" parent="Answers/AnswerScreenB/TextPlane/Viewport" index="1"]
custom_fonts/font = SubResource( 14 )

[node name="AnswerScreenC" parent="Answers" instance=ExtResource( 3 )]
transform = Transform( 1, 0, 0, 0, 1, 0, 0, 0, 1, 0, 0, 0.42 )
title = "Select option C"
letter = "C"

[node name="TextPlane" parent="Answers/AnswerScreenC" index="0"]
material_override = SubResource( 11 )
mesh = SubResource( 12 )

[node name="Label" parent="Answers/AnswerScreenC/TextPlane/Viewport" index="1"]
custom_fonts/font = SubResource( 15 )

[node name="AnswerScreenD" parent="Answers" instance=ExtResource( 3 )]
transform = Transform( 1, 0, 0, 0, 1, 0, 0, 0, 1, 0, 0, 0.63 )
title = "Select option D"
letter = "D"

[node name="TextPlane" parent="Answers/AnswerScreenD" index="0"]
material_override = SubResource( 9 )

[node name="Label" parent="Answers/AnswerScreenD/TextPlane/Viewport" index="1"]
custom_fonts/font = SubResource( 16 )

[editable path="Question"]

[editable path="Answers/AnswerScreenA"]

[editable path="Answers/AnswerScreenA/TextPlane"]

[editable path="Answers/AnswerScreenB"]

[editable path="Answers/AnswerScreenB/TextPlane"]

[editable path="Answers/AnswerScreenC"]

[editable path="Answers/AnswerScreenC/TextPlane"]

[editable path="Answers/AnswerScreenD"]

[editable path="Answers/AnswerScreenD/TextPlane"]
